 Dungeon Crawl Stone Soup version 0.28-a0-1389-gc726bef33b (webtiles) character file.

Game seed: 6235185928541177316

93 p0werm0de the Skirmisher (level 4, -9/41 HPs)
             Began as a Minotaur Chaos Knight on Jan 3, 2022.
             Was a Plaything of Xom.
             Mangled by Pargi the fire crab (shapeshifter) (10 damage)
             ... in a sewer.
             The game lasted 00:01:13 (2121 turns).

p0werm0de the Skirmisher (Minotaur Chaos Knight)    Turns: 2121, Time: 00:01:13

Health: -9/41      AC:  6    Str: 18    XL:     4   Next: 37%
Magic:  3/3        EV: 11    Int:  9    God:    Xom [...*..]
Gold:   142        SH:  0    Dex: 10    Spells: 3/3 levels left

rFire   . . .      SeeInvis .   a - +0 hand axe (chaos)
rCold   . . .      Faith    .   (no shield)
rNeg    . . .      Spirit   .   b - +2 leather armour
rPois   .          Reflect  .   (helmet restricted)
rElec   .          Harm     .   (no cloak)
rCorr   .          Rampage  .   c - +0 pair of gloves
Will    .....                   (no boots)
Stlth   +.........              (no amulet)
HPRegen 0.13/turn               (no ring)
MPRegen 0.08/turn               (no ring)

@: brilliant
A: horns 2, retaliatory headbutt
a: Renounce Religion


You were in a sewer.
You worshipped Xom.
You were a favourite toy of Xom.
You visited 1 branch of the dungeon, and saw 3 of its levels.
You also visited: Sewer.

You collected 142 gold pieces.

Inventory:

Hand Weapons
 a - a +0 hand axe of chaos (weapon)
Armour
 b - a +2 leather armour (worn)
 c - a +0 pair of gloves (worn)
   (You found it on level 1 of the Dungeon)
Scrolls
 f - a scroll of vulnerability
Potions
 e - a potion of curing {unknown}


   Skills:
 * Level 4.5 Fighting
 * Level 4.5 Axes
 * Level 3.6 Armour
 + Level 1.9 Dodging


You had 3 spell levels left.
You didn't know any spells.
Your spell library was empty.

Dungeon Overview and Level Annotations

Branches:
Dungeon (3/15)              Sewer (1/1)

Altars:

Annotations:
Sewer Pargi


Innate Abilities, Weirdness & Mutations

You have a pair of horns on your head.
You reflexively headbutt those who attack you in melee.


Message History

Pargi is lightly wounded.
Pargi closely misses you. Pargi misses you. Pargi barely misses you.
You barely miss Pargi.
Pargi is lightly wounded.
Pargi bites you. Pargi claws you but does no damage. Pargi claws you.
You hit Pargi.
Pargi is poisoned.
Your headbutt misses Pargi.
Pargi is lightly wounded.
Pargi bites you but does no damage. Pargi claws you.
Pargi claws you but does no damage. Pargi bites you but does no damage.
Pargi claws you but does no damage. x2
You hit Pargi.
Pargi changes into a shapeshifter!
You headbutt Pargi.
Pargi is lightly wounded.
Pargi the shapeshifter changes into a fire crab!
You hit Pargi but do no damage. You drain Pargi.
You headbutt Pargi, but do no damage.
Pargi is lightly wounded.
You hit Pargi. You freeze Pargi.
Pargi is lightly wounded.
Pargi closely misses you. Pargi claws you!
You are engulfed in flames!
* * * LOW HITPOINT WARNING * * *
You are too injured to fight recklessly!
You are too injured to fight recklessly!
You are too injured to fight recklessly!
You are too injured to fight recklessly!
You are too injured to fight recklessly!
You are too injured to fight recklessly!
You are too injured to fight recklessly!
You are too injured to fight recklessly!
You are too injured to fight recklessly!
You are too injured to fight recklessly!
You are too injured to fight recklessly!
Unknown command.
It was a potion of brilliance.
You feel clever all of a sudden.
Xom thinks this is hilarious!
Pargi bites you!
* * * LOW HITPOINT WARNING * * *
You are engulfed in flames!
You die...
Xom cackles wildly!

≈≈≈# #≈≈≈#
#≈≈≈# #≈≈≈#
##########
#..).≈≈≈.+
####.≈≈≈.#
####.≈≈≈.####
#..'.≈≈≈@t.$#
####.≈≈≈.####
####.≈≈≈.####
#..).≈≈≈.'..#
####.≈≈≈.####
####.≈≈≈.####
#(.'..∩....∩#
####.≈≈≈.####
####.≈≈≈.#


You could see Pargi the fire crab shaped shifter (drained).

Vanquished Creatures
  4 adders
  An orc (D:3)
  3 endoplasms
  4 giant cockroaches
  8 goblins
  5 hobgoblins
  6 quokkas
  3 ball pythons (D:2)
  5 bats
  A frilled lizard (D:1)
  6 kobolds
  5 rats
51 creatures vanquished.

Notes
Turn   | Place    | Note
-------+----------+-------------------------------------------
     0 | D:1      | p0werm0de the Minotaur Chaos Knight began the quest for the
                  | Orb.
     0 | D:1      | Reached XP level 1. HP: 19/19 MP: 0/0
   167 | D:1      | Reached XP level 2. HP: 25/27 MP: 1/1
   191 | D:1      | XOM: silly message
   223 | D:1      | XOM: divination: magic mapping
   350 | D:1      | XOM: noise
   697 | D:2      | Reached XP level 3. HP: 9/33 MP: 2/2
  1109 | D:2      | XOM: silly message
  1142 | D:2      | XOM: smoke on damage
  1174 | D:2      | XOM: cloud trail
  1656 | D:3      | Reached XP level 4. HP: 39/41 MP: 3/3
  1898 | D:3      | Found a glowing drain.
  1914 | Sewer    | Entered a sewer
  2109 | Sewer    | Noticed Pargi
  2118 | Sewer    | Noticed Pargi
  2118 | Sewer    | Pargi changed into Pargi the shapeshifter
  2118 | Sewer    | Noticed Pargi
  2118 | Sewer    | Pargi the shapeshifter changed into Pargi the fire crab
  2121 | Sewer    | HP: 1/41 [Pargi the fire crab (shapeshifter) (9)]
  2121 | Sewer    | Mangled by Pargi the fire crab (shapeshifter)

Illustrated notes

Levels and vault maps discovered:
D:1:      dpeg_arrival_leaves_temple_mockup, layout_basic
D:2:      layout_loops_ring
D:3:      layout_basic, portal_sewer_entry_f, roderic_roman_lattice,
          minmay_starry_boxes
Sewer:    kennysheep_door_sewer

Skill      XL: |  1  2 |
---------------+-------+-----
Fighting       | 4 |  4.5
Axes           | 4 |  4.5
Armour         | 3 |  3.6
Dodging        | |  1.9

Action                   |  1- 3 |  4- 6 || total
-------------------------+-------+-------++-------
Melee: Hand axe          |    73 |    64 ||   137
       Headbutt          |     7 |    11 ||    18
  Use: Scroll            |     4 |     1 ||     5
       Potion            |       |     1 ||     1
 Stab: Paralysed         |       |     2 ||     2
Armor: Leather armour    |    27 |    25 ||    52
Dodge: Dodged            |    38 |    36 ||    74

Table legend: (Time is in decaauts)
 A = Elapsed time spent in this place.
 B = Non-inter-level travel time spent in this place.
 C = Inter-level travel time spent in this place.
 D = Time resting spent in this place.
 E = Time spent auto-exploring this place.
 F = Levels seen in this place.
 G = Mean time per level.
                   A        B        C        D        E       F      G
               +--------+--------+--------+--------+--------+-----+--------+
         Total |   2134 |   2093 |     41 |    255 |   1501 |   4 |  533.5 |
       Dungeon |   1925 |   1884 |     41 |    185 |   1406 |   3 |  641.7 |
         Sewer |    208 |    208 |      0 |     70 |     95 |   1 |  208.0 |
               +--------+--------+--------+--------+--------+-----+--------+

Top non-repeatable levels by time:
     D:2: 965 daAuts
     D:1: 623 daAuts
     D:3: 336 daAuts
   Sewer: 208 daAuts
